Map: Bridgehead LE (Void)

Players

MoonLjth

  • Race: Protoss Protoss
  • League: Platinum

iQuitBYE

  • Race: Protoss Protoss
  • League: Grandmaster

mirG - Winner!

  • Race: Zerg Zerg
  • League: Gold

Kotek - Winner!

  • Race: Zerg Zerg
  • League: Grandmaster

VOD

Have the link to the VOD?

Description

Time

  • Played on: Oct. 2, 2015, 3:20 p.m.
  • Length: 15:56
Show
View Real Time Build Order
Export as new Build Order

MoonLjth Protoss 

Build Orders:  

Get SALT Encoding   

  12  0:01  Probe (Chrono Boost)  
  13  0:13  Pylon  
  13  0:18  Probe (Chrono Boost)  
  14  0:28  Probe (Chrono Boost)  
  15  0:37  Gateway  
  15  0:39  Probe (Chrono Boost)  
  16  0:45  Assimilator  
  16  0:50  Probe (Chrono Boost)  
  17  0:58  Pylon  
  17  1:01  Probe (Chrono Boost)  
  18  1:07  Assimilator  
  18  1:11  Probe (Chrono Boost)  
  19  1:19  Pylon  
  19  1:22  Probe (Chrono Boost)  
  20  1:45  Nexus  
  20  1:56  Cybernetics Core  
  20  1:58  Probe (Chrono Boost)  
  21  2:15  Probe (Chrono Boost)  
  22  2:25  Probe (Chrono Boost)  
  23  2:33  Adept (Chrono Boost), Warp Gate  
  25  2:51  Nexus  
  25  2:54  Probe (Chrono Boost)  
  26  3:02  Probe (Chrono Boost)  
  29  3:05  Mothership Core (Chrono Boost)  
  29  3:10  Pylon  
  29  3:15  Probe (Chrono Boost)  
  30  3:23  Probe (Chrono Boost)  
  30  3:26  Probe (Chrono Boost), Pylon  
  32  3:32  Adept  
  35  3:34  Probe (Chrono Boost)  
  35  3:37  Probe (Chrono Boost)  
  36  3:45  Probe (Chrono Boost)  
  36  3:47  Pylon  
  37  3:50  Probe (Chrono Boost)  
  37  4:02  Twilight Council, Probe (Chrono Boost)  
  38  4:07  Probe x2 (Chrono Boost)  
  38  4:12  Probe (Chrono Boost)  
  39  4:17  Probe (Chrono Boost)  
  39  4:20  Probe (Chrono Boost)  
  39  4:23  Probe (Chrono Boost)  
  42  4:25  Gateway  
  42  4:28  Probe (Chrono Boost)  
  42  4:30  Probe (Chrono Boost)  
  44  4:31  Gateway  
  44  4:33  Probe (Chrono Boost)  
  44  4:37  Probe (Chrono Boost)  
  46  4:39  Probe (Chrono Boost)  
  46  4:40  Blink (Chrono Boost)  
  46  4:44  Probe  
  48  4:47  Probe  
  48  4:51  Probe  
  49  4:55  Robotics Facility  
  50  5:00  Gateway  
  50  5:05  Probe  
  50  5:06  Probe x2  
  52  5:08  Gateway  
  52  5:11  Gateway  
  52  5:12  Pylon  
  53  5:15  Probe  
  53  5:17  Probe  
  53  5:18  Probe  
  53  5:20  Adept  
  53  5:21  Adept  
  60  5:26  Adept  
  62  5:28  Probe x2  
  62  5:32  Probe, Assimilator  
  62  5:35  Assimilator  
  65  5:38  Forge  
  65  5:39  Probe x2  
  67  5:43  Immortal (Chrono Boost), Forge  
  67  5:45  Probe  
  67  5:49  Probe  
  72  5:50  Probe  
  74  5:57  Probe  
  74  6:00  Probe  
  74  6:04  Probe  
  74  6:09  Probe  
  74  6:10  Probe  
  74  6:11  Stalker x3  
  76  6:17  Pylon, Warp Prism (Chrono Boost)  
  83  6:19  Pylon  
  83  6:24  Assimilator  
  83  6:29  Probe  
  83  6:30  Protoss Ground Weapons Level 1 (Chrono Boost), Protoss Ground Armor Level 1 (Chrono Boost), Assimilator  
  83  6:31  Pylon  
  84  6:34  Stalker  
  84  6:35  Stalker x4  
  94  6:56  Observer (Chrono Boost)  
  94  6:58  Stalker x3, Gateway  
  94  6:59  Stalker x2  
  94  7:00  Gateway  
  105  7:01  Probe  
  102  7:21  Gateway  
  102  7:22  Stalker x2  
  100  7:23  Stalker x3  
  104  7:40  Dark Shrine  
  104  7:47  Stalker x4  
  104  7:48  Stalker  
  104  7:51  Warp Prism (Chrono Boost)  
  98  7:58  Stalker x3  
  98  8:01  Probe  
  93  8:11  Pylon  
  87  8:21  Stalker x4  
  87  8:22  Stalker  
  95  8:29  Stalker x3  
  95  8:34  Mothership Core  
  94  8:47  Stalker  
  94  8:48  Stalker x4  
  98  8:53  Dark Templar x2  
  98  8:54  Dark Templar  
  102  8:56  Archon  
  91  9:17  Dark Templar x3  
  97  9:27  Archon  
  97  9:29  Stalker x2  
  97  9:31  Probe  
  90  9:37  Stalker x2  
  88  9:44  Stalker  
  82  9:46  Probe  
  82  9:50  Adept  
  85  9:57  Stalker x2  
  89  10:00  Warp Prism (Chrono Boost)  
  89  10:02  Photon Cannon  
  89  10:05  Photon Cannon  
  91  10:09  Pylon  
  91  10:12  Stalker x4  
  91  10:13  Assimilator  
  97  10:23  Adept  
  97  10:25  Probe  
  97  10:27  Dark Templar  
  101  10:36  Stalker x3  
  101  10:41  Pylon  
  107  10:42  Photon Cannon  
  107  10:45  Photon Cannon  
  107  10:51  Dark Templar  
  109  10:58  Dark Templar, Photon Cannon  
  109  10:59  Archon  
  109  11:00  Archon, Photon Cannon  
  109  11:08  Warp Prism (Chrono Boost)  
  109  11:10  Stalker  
  113  11:16  Stalker  
  113  11:17  Stalker  
  117  11:27  Stalker  
  117  11:28  Stalker  
  112  11:42  Stalker x2  
  112  11:43  Stalker  
  100  11:47  Observer (Chrono Boost)  
  99  11:57  Stalker x2  
  99  11:58  Stalker  
  99  12:00  Probe x2  
  97  12:10  Adept  
  97  12:11  Adept x2  
  97  12:18  Stalker  
  97  12:20  Adept  
  102  12:23  Probe, Observer (Chrono Boost)  
  102  12:24  Probe x2  
  104  12:33  Adept  
  104  12:34  Adept  
  108  12:37  Adept  
  108  12:40  Adept  
  112  12:48  Robotics Bay  
  112  12:53  Adept  
  112  12:54  Adept  
  116  13:00  Observer (Chrono Boost)  
  117  13:07  Stalker  
  117  13:08  Stalker  
  118  13:17  Stalker x2  
  102  13:20  Adept  
  102  13:28  Stalker  
  102  13:32  Adept  
  102  13:33  Adept  
  108  13:45  Adept  
  108  13:46  Adept x3  
  119  13:55  Disruptor (Chrono Boost)  
  119  13:59  Dark Shrine  
  119  14:03  Robotics Facility  
  119  14:16  Adept x2  
  119  14:17  Adept  
  125  14:23  Resonating Glaives (Chrono Boost)  
  125  14:32  Observer  
  126  14:41  Adept  
  126  14:42  Adept x3  
  126  14:45  Adept x3  
  140  15:01  Disruptor  
  140  15:02  Adept  
  140  15:03  Adept x2  
  140  15:06  Adept  
  114  15:13  Stalker  
  114  15:14  Adept  
  87  15:17  Adept  
  83  15:24  Adept x2  
  59  15:48  Stalker x2  
  59  15:49  Stalker  
Show
View Real Time Build Order
Export as new Build Order

iQuitBYE Protoss 

Build Orders:  

Get SALT Encoding   

  12  0:01  Drone  
  13  0:08  Drone  
  14  0:17  Overlord  
  14  0:37  Drone  
  14  0:38  Drone x2  
  17  0:55  Drone  
  18  1:01  Drone  
  18  1:02  Hatchery  
  18  1:14  Spawning Pool  
  18  1:16  Drone  
  18  1:25  Drone  
  19  1:32  Overlord  
  19  1:42  Drone  
  20  1:53  Drone  
  21  2:00  Queen  
  23  2:14  Drone, Extractor, Queen  
  25  2:16  Drone  
  25  2:17  Hatchery  
  25  2:19  Zergling x2  
  26  2:25  Drone  
  26  2:29  Drone  
  28  2:36  Drone  
  29  2:40  Drone  
  30  2:46  Drone  
  30  2:47  Drone  
  32  2:53  Queen  
  32  2:57  Queen  
  36  3:06  Overlord x2  
  36  3:14  Overlord  
  36  3:24  Overlord  
  36  3:28  Drone x2  
  36  3:29  Drone x2  
  36  3:31  Drone  
  36  3:33  Drone  
  41  3:42  Overlord  
  41  3:43  Drone x2  
  43  3:49  Lair  
  43  3:52  Extractor  
  43  3:53  Extractor  
  43  3:54  Overlord  
  41  3:58  Overlord  
  41  4:01  Overlord  
  38  4:10  Drone  
  38  4:11  Drone x4  
  38  4:15  Drone  
  38  4:16  Drone  
  45  4:20  Drone x2  
  47  4:26  Drone x2  
  47  4:27  Drone  
  47  4:29  Drone  
  51  4:32  Drone  
  51  4:33  Drone  
  53  4:44  Drone x4  
  53  4:45  Metabolic Boost  
  57  4:48  Extractor  
  56  4:53  Drone x5  
  56  4:55  Drone  
  62  5:00  Drone  
  62  5:01  Drone x2  
  65  5:11  Queen  
  67  5:19  Spire  
  66  5:27  Extractor  
  65  5:29  Drone x2, Extractor  
  65  5:30  Drone x2, Spine Crawler  
  67  5:37  Zergling x4  
  67  5:38  Zergling x2  
  67  5:41  Drone x3  
  73  5:48  Hatchery  
  72  5:50  Spire  
  67  6:16  Drone x3  
  67  6:17  Drone x3  
  73  6:31  Mutalisk x12  
  97  6:33  Overlord  
  97  6:45  Queen  
  98  6:50  Overlord  
  98  6:51  Queen  
  100  6:55  Mutalisk x3  
  100  7:00  Overlord, Zergling x2  
  107  7:02  Spine Crawler, Zergling x2  
  107  7:03  Spine Crawler x2, Zergling x2  
  107  7:05  Spine Crawler  
  105  7:09  Mutalisk x2  
  105  7:10  Mutalisk  
  105  7:13  Mutalisk  
  111  7:16  Zergling x6  
  111  7:18  Zergling x2  
  111  7:20  Zergling x4  
  111  7:22  Zergling x2  
  114  7:23  Zergling x2  
  114  7:27  Zergling x6  
  114  7:29  Zergling x4  
  115  7:31  Zergling x2  
  115  7:33  Zergling x4  
  111  7:47  Mutalisk x5  
  111  7:48  Zergling x2  
  111  7:49  Zergling x2  
  114  7:52  Zergling x2  
  114  7:53  Zergling x4  
  111  7:59  Zergling x4  
  111  8:00  Zergling x4  
  111  8:03  Zergling x4  
  113  8:05  Zergling x2  
  113  8:12  Zergling x4  
  116  8:13  Zergling x2  
  116  8:16  Mutalisk  
  116  8:19  Zergling x2  
  118  8:23  Drone x2  
  118  8:27  Drone  
  118  8:29  Hydralisk Den  
  118  8:38  Drone x3  
  118  8:39  Drone x3  
  122  8:54  Overseer x2  
  122  8:55  Overseer  
  120  8:57  Zergling x2  
  120  8:58  Zergling x14  
  120  9:02  Spore Crawler  
  125  9:08  Spore Crawler, Zergling x6  
  125  9:09  Zergling x6  
  128  9:10  Spore Crawler  
  128  9:15  Spore Crawler  
  126  9:20  Zergling x2  
  122  9:24  Hydralisk x2  
  122  9:25  Hydralisk, Zergling x4  
  122  9:29  Overlord  
  126  9:32  Extractor  
  126  9:34  Overlord  
  126  9:38  Overlord  
  119  9:44  Zergling x6  
  107  9:47  Hatchery, Mutalisk x2  
  107  9:48  Mutalisk x2  
  111  9:53  Hydralisk x2  
  111  9:54  Hydralisk  
  111  9:56  Overseer  
  111  9:57  Hydralisk x4  
  111  9:59  Lurker Den  
  124  10:01  Hydralisk  
  124  10:04  Zergling x4  
  127  10:18  Evolution Chamber  
  127  10:19  Evolution Chamber  
  124  10:30  Zergling x2  
  124  10:31  Zergling x6  
  124  10:32  Overlord  
  123  10:36  Zergling x2  
  123  10:37  Zergling x6  
  123  10:39  Hydralisk x3  
  133  10:43  Hydralisk x2  
  133  10:47  Evolution Chamber  
  135  10:53  Evolution Chamber  
  135  10:54  Hydralisk  
  135  10:55  Hydralisk x3  
  142  10:58  Mutalisk x3  
  142  11:01  Drone x2  
  142  11:02  Drone  
  142  11:03  Drone  
  149  11:22  Hatchery  
  144  11:26  Lurker x6  
  144  11:27  Lurker  
  151  11:35  Hydralisk x2  
  151  11:38  Zergling x4  
  151  11:39  Zergling x2  
  139  11:40  Hydralisk x2  
  139  11:43  Muscular Augments  
  139  11:45  Hatchery  
  126  11:51  Hydralisk x4  
  124  11:58  Mutalisk x2  
  128  12:02  Hydralisk x2  
  128  12:08  Hydralisk x2  
  132  12:10  Overlord  
  126  12:16  Hydralisk x2  
  126  12:20  Queen  
  132  12:35  Hydralisk x4  
  140  12:47  Hydralisk x3  
  140  12:51  Hydralisk x5  
  144  12:57  Extractor  
  153  13:00  Hydralisk x3  
  156  13:16  Roach Warren  
  156  13:19  Queen  
  143  13:25  Lurker  
  143  13:26  Lurker, Hydralisk x2  
  149  13:29  Lurker  
  149  13:34  Drone x7  
  152  13:39  Drone  
  158  13:41  Hydralisk x2  
  158  13:42  Hydralisk  
  158  13:46  Overlord  
  160  13:57  Overlord  
  160  14:08  Hydralisk x3  
  162  14:18  Burrow  
  162  14:28  Infestation Pit  
  162  14:30  Lurker  
  158  14:51  Hydralisk x3  
  144  15:09  Hydralisk x14  
  144  15:10  Mutalisk x4  
  172  15:14  Overlord x2  
  172  15:15  Overlord  
  168  15:24  Hydralisk x3  
  168  15:25  Zergling x2  
Show
View Real Time Build Order
Export as new Build Order

mirG Zerg - Winner!

Build Orders:  

Get SALT Encoding   

Show
View Real Time Build Order
Export as new Build Order

Kotek Zerg - Winner!

Build Orders:  

Get SALT Encoding   

Tags
 
Add a new tag
Caveats
  • Supply blocks, unpowered buildings, or Contaminate may cause inaccurate times.
  • Supply counts are checked every 10 seconds.